 Dungeon Crawl Stone Soup version 0.31-a0-559-g03b8d61ab2 (webtiles) character file.

Game seed: 10965131137364134606

3691 Ethylacetat the Martial Artist (level 10, -4/72 HPs)
             Began as an Octopode Gladiator on Aug 17, 2023.
             Was an Initiate of Gozag.
             Slain by a sky beast (5 damage)
             ... on level 8 of the Dungeon.
             The game lasted 00:11:27 (6334 turns).

Ethylacetat the Martial Artist (Octopode Gladiator) Turns: 6334, Time: 00:11:28

Health: -4/72      AC: -3    Str: 19    XL:     10   Next: 13%
Magic:  10/10      EV: 18    Int: 12    God:    Gozag
Gold:   668        SH:  0    Dex: 17    Spells: 9/9 levels left

rFire   . . .        z - +5 woodcutter's axe
rCold   . . .        (shield currently unavailable)
rNeg    . . .        a - +0 hat
rPois   .            (no amulet)
rElec   .            k - +6 ring of strength
rCorr   .            (no ring)
SInv    .            (no ring)
Will    .....        (no ring)
Stlth   +++          (no ring)
HPRegen 0.32/turn    (no ring)
MPRegen 0.12/turn    (no ring)
                     (no ring)

%: no passive effects
@: corroded, gold aura
A: almost no armour, amphibious, 8 rings, camouflage 1, gelatinous body 1,
(nimble swimmer 1), tentacles
a: Renounce Religion, Potion Petition, Call Merchant, Bribe Branch


You were on level 8 of the Dungeon.
You worshipped Gozag.
Gozag was pleased with you.
You visited 2 branches of the dungeon, and saw 9 of its levels.

You collected 849 gold pieces.
You spent 126 gold pieces at shops.
You paid 55 gold pieces to Gozag.

Inventory:

Hand Weapons
 r - a +1 dagger of protection
 z - the +5 woodcutter's axe (weapon)
   (You found it on level 6 of the Dungeon)
Missiles
 b - 2 throwing nets (quivered)
 c - a javelin
Armour
 a - a +0 hat (worn)
 B - the +4 kite shield "Usoc" {Rampage rCorr Str+4}
   (You found it on level 6 of the Dungeon)

   Str+4:     It affects your strength (+4).
   rCorr:     It protects you from acid and corrosion.
   Rampage:   It bestows one free step when moving towards enemies.
Jewellery
 h - an amulet of magic regeneration
 k - a +6 ring of strength (left tentacle)
Wands
 t - a wand of iceblast (4)
 y - a wand of flame (17)
Scrolls
 d - a scroll of summoning {unknown}
 j - a scroll of enchant weapon {unknown}
 l - 4 scrolls of identify {unknown}
 m - 3 scrolls of amnesia {unknown}
 n - 2 scrolls of revelation {unknown}
 o - 3 scrolls of teleportation {unknown}
 u - a scroll of fear {unknown}
 v - a scroll of immolation {unknown}
 C - 3 scrolls of acquirement {unknown}
Potions
 e - 2 potions of lignification
 f - a potion of degeneration
 g - a potion of haste {unknown}
 i - a potion of curing
 p - a potion of enlightenment {unknown}
 q - 2 potions of might
 s - a potion of berserk rage
 w - 2 potions of brilliance {unknown}
 x - a potion of ambrosia {unknown}
 A - 5 potions of attraction


   Skills:
 + Level 8.1 Fighting
 - Level 2.0 Throwing
 + Level 8.3 Dodging
 + Level 4.3 Shields
 + Level 8.4 Unarmed Combat


You had 9 spell levels left.
You didn't know any spells.
Your spell library contained the following spells:

 Spells                   Type           Power      Damage    Failure   Level
 Apportation              Tloc           0%         N/A       32%         1
 Sandblast                Erth           0%         2d4       32%         1
 Passwall                 Tmut/Erth      0%         N/A       45%         2
 Dazzling Flash           Conj/Hex       0%         N/A       69%         3
 Stone Arrow              Conj/Erth      0%         3d7       69%         3
 Summon Guardian Golem    Hex/Summ       0%         N/A       69%         3
 Agony                    Necr           0%         N/A       100%        5
 Alistair's Intoxication  Tmut/Pois      0%         N/A       100%        5
 Silence                  Hex/Air        0%         N/A       100%        5
 Orb of Destruction       Conj           0%         9d5       100%        7
 Spellforged Servitor     Conj/Summ      0%         N/A       100%        7


Dungeon Overview and Level Annotations

Branches:
Dungeon (8/15)             Temple (1/1) D:4
   Lair: D:8-11

Altars:
Ashenzari
Cheibriados
Dithmenos
Elyvilon
Fedhas
Gozag
Hepliaklqana
Kikubaaqudgha
Makhleb
Okawaru
Qazlal
Ru
Trog
Uskayaw
Vehumet
Wu Jian
Xom
Yredelemnul
The Shining One

Shops:
D:6 !


Innate Abilities, Weirdness & Mutations

You cannot wear most types of armour.
You are amphibious.
You can wear up to eight rings at the same time.
Your skin changes colour to match your surroundings (Stealth+).
Your rubbery body absorbs attacks. (AC +1, EV +1)
((You are camouflaged when in or above water. (Stealth+)))
You have tentacles for arms and can constrict up to eight enemies at once.


Message History

You have reached level 10!
You feel clever.
You hit something. Your squeeze misses something. You slash the jelly!
Your tentacles burn!
The jelly hits you. The acid corrodes you!
You are splashed with acid.
* * * LOW HITPOINT WARNING * * *
Something hits you.
* * * LOW HITPOINT WARNING * * *
Something shocks you.
* * * LOW HITPOINT WARNING * * *
Okay, then.
You completely miss something. Your squeeze misses something.
You slash the jelly!
You kill the jelly!
Unknown command.
You barely miss something. Something hits you.
* * * LOW HITPOINT WARNING * * *
Something shocks you.
* * * LOW HITPOINT WARNING * * *
You feel better. Something hits you.
* * * LOW HITPOINT WARNING * * *
Something shocks you.
* * * LOW HITPOINT WARNING * * *
You feel better. Something closely misses you.
You hit something.
A gnoll sergeant comes into view.
It is wielding a +2 trident of protection.
Something hits you.
* * * LOW HITPOINT WARNING * * *
Something shocks you.
* * * LOW HITPOINT WARNING * * *
You feel better.
The sentinel's mark upon you fades away.
You barely miss something.
The gnoll sergeant hits you from afar with a +2 trident of protection!
* * * LOW HITPOINT WARNING * * *
Something hits you.
* * * LOW HITPOINT WARNING * * *
Something shocks you.
You die...
Your body crumbles into a pile of gold.

### .. .. ..
... . .... .#
....#######g##
.....^....$..#
......$.$@$..#
........${...+
......$$<##..#
.....##..# ..#
.... #..# .#
... #... .# ..
#..## # . #..#
#..#


You could see a gnoll sergeant.

Vanquished Creatures
  A two-headed ogre (D:8)
  Maggie (D:7)
  A kobold demonologist (D:6)
  Sigmund (D:2)
  A wyvern (D:8)
  A sky beast (D:6)
  2 ice beasts
  2 black bears
  2 phantoms
  6 gnoll sergeants (D:6)
  2 bullfrogs
  2 scorpions
  3 wights (D:6)
  A jelly (D:8)
  4 hounds
  5 gnoll boudas
  An orc priest (D:6)
  An iguana (D:7)
  Natasha (thrice) (D:3)
  Robin (D:3)
  21 gnolls
  12 adders
  A white imp (D:6)
  An ufetubus (D:4)
  4 worms
  3 dart slugs
  16 orcs
  6 bats
  4 endoplasms
  4 giant cockroaches
  9 goblins
  9 hobgoblins
  6 jackals
  5 kobolds
  5 quokkas
  12 ball pythons
  3 frilled lizards
  5 rats
  A spectral orc (D:4)
168 creatures vanquished.

Notes
Turn   | Place    | Note
-------+----------+-------------------------------------------
     0 | D:1      | Ethylacetat the Octopode Gladiator began the quest for the
                  | Orb.
     0 | D:1      | Reached XP level 1. HP: 14/14 MP: 1/1
   280 | D:1      | Reached XP level 2. HP: 15/19 MP: 2/2
   775 | D:1      | Reached XP level 3. HP: 24/25 MP: 3/3
  1223 | D:2      | Reached XP level 4. HP: 31/31 MP: 4/4
  1236 | D:2      | Noticed Sigmund
  1244 | D:2      | Killed Sigmund
  1245 | D:2      | Reached XP level 5. HP: 22/37 MP: 5/5
  1394 | D:2      | Found a faded altar of an unknown god.
  1550 | D:2      | Reached XP level 6. HP: 43/43 MP: 6/6
  1712 | D:3      | Noticed Robin
  1864 | D:3      | Noticed Natasha
  1868 | D:3      | Killed Natasha
  1932 | D:3      | Found a bloodstained altar of Trog.
  1953 | D:3      | Noticed Natasha
  1962 | D:3      | Killed Natasha
  2275 | D:3      | Killed Robin
  2654 | D:3      | Noticed Natasha
  2658 | D:3      | Killed Natasha
  2782 | D:4      | Found a staircase to the Ecumenical Temple.
  2838 | Temple   | Entered the Ecumenical Temple
  2845 | Temple   | Became a worshipper of Gozag Ym Sagoz the Greedy
  2889 | D:4      | Reached skill level 5 in Dodging
  2889 | D:4      | Reached skill level 5 in Unarmed Combat
  2889 | D:4      | Reached XP level 7. HP: 49/49 MP: 7/7
  3130 | D:4      | Identified the +3 ring mail of Ashenzari's Delight {rF+
                  | Str+4 Dex-3 Stlth+}
  3166 | D:4      | Found a basalt altar of Yredelemnul.
  3333 | D:4      | Reached skill level 5 in Fighting
  3653 | D:5      | Entered Level 5 of the Dungeon
  3679 | D:5      | Reached XP level 8. HP: 28/56 MP: 8/8
  4007 | D:5      | Found a snail-covered altar of Cheibriados.
  4388 | D:6      | HP: 2/56 [poisoned by a wight]
  4663 | D:6      | Found Plog's Distillery.
  4676 | D:6      | Bought a potion of lignification for 42 gold pieces
  4676 | D:6      | Bought a potion of attraction for 42 gold pieces
  4676 | D:6      | Bought a potion of curing for 42 gold pieces
  4846 | D:6      | Identified the +4 kite shield "Usoc" {Rampage rCorr Str+4}
  5002 | D:6      | Noticed a kobold demonologist
  5011 | D:6      | Noticed a rust devil
  5011 | D:6      | Killed a kobold demonologist
  5012 | D:6      | Reached skill level 1 in Shields
  5012 | D:6      | Reached XP level 9. HP: 56/63 MP: 9/9
  5299 | D:6      | Found the +5 woodcutter's axe
  5600 | D:7      | Noticed Maggie
  5610 | D:7      | Killed Maggie
  5611 | D:7      | HP: 3/64 [ice beast (12)]
  5615 | D:7      | HP: 1/64 [ice beast (9)]
  5845 | D:7      | Found a glowing golden altar of the Shining One.
  6052 | D:7      | Found a hazy altar of Hepliaklqana.
  6317 | D:8      | Noticed a two-headed ogre
  6326 | D:8      | Killed a two-headed ogre
  6327 | D:8      | Reached XP level 10. HP: 28/72 MP: 10/10
  6334 | D:8      | HP: 3/72 [gnoll sergeant/+2 trident of protection (11)]
  6334 | D:8      | HP: 1/72 [something (2)]
  6334 | D:8      | Slain by a sky beast

Illustrated notes

Levels and vault maps discovered:
D:1:      shiori_arrival_maze, layout_basic, grunt_decor_clamped
D:2:      layout_loops_ring, ebering_ecumenical_altar_hall, uniq_sigmund
D:3:      layout_basic, mainiacjoe_overflow_cross_hatched, uniq_natasha,
          uniq_robin
D:4:      layout_loops_cross, yredelemnul_forgotten_temple_becter,
          minmay_temple_entry_butterflies, st_stairs_13
D:5:      layout_rooms, mainiacjoe_overflow_catwalk
D:6:      layout_basic, serial_shops, shop, pf_guarded_unrand_woodcutter
D:7:      layout_loops_ring, kennysheep_little_box, lemuel_doored_altar,
          lemuel_flamethrower_2, uniq_maggie
D:8:      layout_gridville, mainiacjoe_overflow_paths,
          kennysheep_orc_sif_temple, nrook_mini_vaults, nicolae_zen_rock_garden,
          fungi_pond_lemuel, hangedman_feature_mirror, uniq_erica, uniq_jeremiah
Temple:   nicolae_temple_ecumenical_triangle

Skill      XL: |  1  2  3  4  5  6  7  8  9 |
---------------+----------------------------+-----
Fighting       | 3 4 5 6 8 |  8.1
Dodging        | 4 5 7 8 |  8.3
Unarmed Combat | 4 5 7 8 |  8.4
Shields        | 1 4 |  4.3
Throwing       | |  2.0

Action                     |  1- 3 |  4- 6 |  7- 9 | 10-12 || total
---------------------------+-------+-------+-------+-------++-------
  Melee: Unarmed           |    88 |    31 |       |       ||   119
         Constrict         |    23 |    35 |    57 |       ||   115
         Tentacles         |    18 |    30 |    70 |       ||   118
         Punch             |     2 |     4 |    27 |       ||    33
         Dagger            |       |    70 |   240 |       ||   310
         Battleaxe         |       |       |    26 |     5 ||    31
  Throw: Javelin           |       |       |     1 |       ||     1
         Throwing net      |       |       |     1 |       ||     1
  Evoke: Wand              |       |       |    14 |       ||    14
    Use: Potion            |       |       |     7 |     3 ||    10
   Stab: Sleeping          |    13 |     8 |    11 |       ||    32
         Distracted        |     1 |       |     2 |       ||     3
         Invisible         |       |       |     1 |       ||     1
         Held in net/web   |       |       |     1 |       ||     1
 Armour: Skin              |    15 |    15 |    53 |       ||    83
  Dodge: Dodged            |    48 |    43 |   185 |     1 ||   277
  Block: Kite shield       |       |       |    20 |       ||    20

Table legend: (Time is in decaauts)
 A = Elapsed time spent in this place.
 B = Non-inter-level travel time spent in this place.
 C = Inter-level travel time spent in this place.
 D = Time resting spent in this place.
 E = Time spent auto-exploring this place.
 F = Levels seen in this place.
 G = Mean time per level.
                   A        B        C        D        E       F      G
               +--------+--------+--------+--------+--------+-----+--------+
         Total |   6342 |   6022 |    320 |     43 |   4921 |   9 |  704.7 |
       Dungeon |   6328 |   6014 |    314 |     43 |   4921 |   8 |  791.0 |
        Temple |     14 |      8 |      6 |      0 |      0 |   1 |   14.0 |
               +--------+--------+--------+--------+--------+-----+--------+

Top non-repeatable levels by time:
     D:6: 1457 daAuts
     D:4: 976 daAuts
     D:3: 955 daAuts
     D:1: 900 daAuts
     D:2: 797 daAuts
     D:7: 766 daAuts
     D:5: 445 daAuts
     D:8: 28 daAuts
  Temple: 14 daAuts
